 Dungeon Crawl Stone Soup version 0.19.5 (webtiles) character file.

2042 BabyRage the Fighter (level 9, 0/90 HPs)
             Began as a Naga Venom Mage on Mar 18, 2017.
             Was an Initiate of Okawaru.
             Slain by a hell hound (8 damage)
             ... on level 8 of the Dungeon.
             The game lasted 00:14:59 (9076 turns).

BabyRage the Fighter (Naga Venom Mage)              Turns: 9076, Time: 00:15:00

Health: 0/90       AC: 11    Str: 15    XL:     9   Next: 24%
Magic:  10/10      EV:  5    Int: 15    God:    Okawaru [......]
Gold:   370        SH:  3    Dex: 11    Spells: 0 memorised, 12 levels left

rFire  . . .     SeeInvis +     y - +1 war axe
rCold  . . .     Gourm    .     j - +0 chain mail
rNeg   . . .     Faith    .     (no shield)
rPois  +         Spirit   .     d - +1 helmet
rElec  .         Reflect  +     (no cloak)
rCorr  .         Harm     .     p - +0 pair of gloves
MR     ++...                    (no barding)
Stlth  ..........               i - +3 amulet of reflection
                                (no ring)
                                (no ring)

@: very slow
A: see invisible, deformed body, low mp 1, magic resistance 1, poison
resistance, slowness 2, slow metabolism 1, spit poison 1, AC +3
a: Spit Poison, Renounce Religion


You were on level 8 of the Dungeon.
You worshipped Okawaru.
Okawaru was noncommittal.
You were hungry.

You visited 2 branches of the dungeon, and saw 9 of its levels.

You collected 370 gold pieces.

Inventory:

Hand Weapons
 y - a +1 war axe (weapon)
Armour
 d - a +1 helmet (worn)
 e - a +0 large shield
 j - a +0 chain mail (worn)
 p - a +0 pair of gloves (worn)
Jewellery
 i - a +3 amulet of reflection (around neck)
Wands
 m - a wand of iceblast (4/15)
 z - a wand of digging (9/24)
Scrolls
 a - 4 scrolls of enchant weapon
 f - a scroll of fear
 r - a scroll of recharging
 v - 2 scrolls of teleportation
 w - 2 scrolls of identify
 x - 2 scrolls of remove curse
Potions
 g - 5 potions of curing
 h - a potion of might
 k - a potion of cure mutation
 l - 2 potions of heal wounds
 u - a potion of magic
 A - a potion of resistance
Books
 b - a Young Poisoner's Handbook

   Spells                             Type                      Level
   a - Sting                          Conjuration/Poison           1
   b - Mephitic Cloud                 Conjuration/Poison/Air       3
   c - Olgreb's Toxic Radiance        Poison                       4
   d - Alistair's Intoxication        Transmutation/Poison         5
   e - Venom Bolt                     Conjuration/Poison           5
Comestibles
 c - 4 bread rations
 o - 2 beef jerkies
 q - 3 chunks of flesh
 s - 5 fruits
 t - 2 meat rations


   Skills:
 + Level 8.8 Fighting
 + Level 6.7 Axes
 + Level 3.0 Armour
 - Level 1.5 Dodging
 - Level 3.0 Stealth
 - Level 2.0 Spellcasting
   Level 5.3 Poison Magic


You had 12 spell levels left.
You didn't know any spells.

Dungeon Overview and Level Annotations

Branches:
Dungeon (8/15)             Temple (1/1) D:7            Lair (0/6) D:8

Altars:
Ashenzari
Cheibriados
Dithmenos
Elyvilon
Gozag
Hepliaklqana
Kikubaaqudgha
Makhleb
Nemelex Xobeh
Okawaru
Qazlal
Ru
Trog
Uskayaw
Vehumet
Xom
Yredelemnul
Zin
The Shining One

Shops:
D:4 *


Innate Abilities, Weirdness & Mutations

You cannot wear boots.
Your serpentine skin is tough. (AC +3)
You have supernaturally acute eyesight. (SInv)
Armour fits poorly on your strangely shaped body.
Your system is resistant to poisons. (rPois)
You cover ground very slowly.
You have a slow metabolism.
You can spit poison.
Your magical capacity is low. (-10% MP)
You are resistant to hostile enchantments. (MR+)


Message History

The hell hound is heavily wounded.
The hell hound bites you.
* * * LOW HITPOINT WARNING * * *
The hell hound pauses to sniff the ground.
The hell hound bites you.
* * * LOW HITPOINT WARNING * * *
You barely miss the hell hound.
The hell hound is moderately wounded.
You are feeling hungry.
The hell hound bites you.
* * * LOW HITPOINT WARNING * * *
You closely miss the hell hound.
The hell hound is moderately wounded.
The hell hound barely misses you.
The hell hound pauses to sniff the ground.
The hell hound barely misses you.
You slash the hell hound!
The hell hound is severely wounded.
The hell hound completely misses you. The hell hound bites you!
You die...

###### .. #<...#
.(..####.#
_...####.#
PP.......#
.........#
.........#
._.......#
........@#
........h#
......!..=..§...
...........§§≈≈.
...#.....≈.≈§§≈
...#.###.§≈..§§
.. #. ..§.>§§ #.
..≈§..§ .§≈§≈≈≈


You could see a hell hound.

Vanquished Creatures
  A wyvern (D:7)
  Menkaure (D:5)
  A hell hound (D:8)
  A sky beast (D:7)
  4 ogres
  2 black bears (D:8)
  2 bullfrogs (D:6)
  2 crimson imps
  A bullfrog skeleton (D:7)
  3 orc priests
  A gnoll shaman (D:7)
  A jelly (D:7)
  An orc wizard (D:6)
  2 hounds (D:5)
  An iguana (D:5)
  Jessica (D:3)
  Ijyb (D:3)
  3 worker ants
  A hound skeleton (D:6)
  Robin (D:3)
  A worker ant zombie (D:5)
  5 gnolls (D:7)
  14 adders
  A shadow imp (D:7)
  2 oozes
  An adder skeleton (D:4)
  An adder zombie (D:7)
  6 worms
  A dart slug (D:1)
  3 leopard geckos
  11 orcs
  6 giant cockroaches
  19 goblins
  13 hobgoblins
  17 jackals
  5 quokkas
  A ball python (D:3)
  9 bats
  6 frilled lizards
  A jackal skeleton (D:6)
  6 kobolds
  4 rats
164 creatures vanquished.

Vanquished Creatures (others)
  A centaur (D:6)
1 creature vanquished.

Grand Total: 165 creatures vanquished

Notes
Turn   | Place    | Note
-------+----------+-------------------------------------------
     0 | D:1      | BabyRage the Naga Venom Mage began the quest for the Orb.
     0 | D:1      | Reached XP level 1. HP: 15/15 MP: 3/3
    74 | D:1      | Reached skill level 1 in Fighting
   376 | D:1      | Reached XP level 2. HP: 16/25 MP: 0/5
   864 | D:1      | Reached skill level 2 in Fighting
  1326 | D:1      | Reached XP level 3. HP: 33/33 MP: 6/6
  1573 | D:2      | Found a shimmering altar of Xom.
  1646 | D:2      | Reached skill level 3 in Fighting
  1809 | D:2      | Reached XP level 4. HP: 30/42 MP: 7/7
  2141 | D:2      | Reached skill level 4 in Fighting
  2416 | D:3      | Reached XP level 5. HP: 46/51 MP: 8/8
  2473 | D:3      | Noticed Jessica
  2479 | D:3      | Killed Jessica
  2525 | D:3      | Noticed Ijyb
  2536 | D:3      | Killed Ijyb
  2536 | D:3      | Reached skill level 5 in Fighting
  3393 | D:4      | Found Antiniel's Assorted Antiques.
  3422 | D:4      | Reached skill level 1 in Axes
  3658 | D:4      | Found a hide-covered altar of Uskayaw.
  3689 | D:3      | Reached XP level 6. HP: 48/61 MP: 9/9
  3788 | D:4      | Noticed Robin
  3941 | D:3      | Killed Robin
  4486 | D:4      | Gained mutation: You are resistant to hostile enchantments. (MR+) [potion of mutation]
  4486 | D:4      | Gained mutation: Your magical capacity is low. (-10% MP) [potion of mutation]
  4513 | D:5      | Entered Level 5 of the Dungeon
  4513 | D:5      | Noticed Menkaure
  4520 | D:5      | Killed Menkaure
  4520 | D:5      | Reached skill level 6 in Fighting
  4520 | D:5      | Reached XP level 7. HP: 69/69 MP: 9/9
  5760 | D:6      | Found a white marble altar of Elyvilon.
  5908 | D:6      | Reached skill level 7 in Fighting
  6120 | D:6      | Reached XP level 8. HP: 37/80 MP: 9/9
  6336 | D:6      | Reached skill level 5 in Axes
  7141 | D:7      | Reached skill level 1 in Armour
  7152 | D:7      | HP: 3/81 [quokka (5)]
  7750 | D:7      | Reached skill level 8 in Fighting
  7822 | D:7      | Noticed a wyvern
  7828 | D:7      | HP: 4/81 [wyvern (8)]
  7829 | D:7      | Killed a wyvern
  8589 | D:7      | Reached XP level 9. HP: 81/90 MP: 10/10
  8600 | D:7      | Found a staircase to the Ecumenical Temple.
  8632 | Temple   | Entered the Ecumenical Temple
  8724 | Temple   | Became a worshipper of Warmaster Okawaru
  8949 | D:8      | Found a stormy altar of Qazlal.
  8951 | D:8      | Found a bloodstained altar of Trog.
  8975 | D:8      | Found a staircase to the Lair.
  9076 | D:8      | Slain by a hell hound

Skill      XL: |  1  2  3  4  5  6  7  8  9 |
---------------+----------------------------+-----
Fighting       | 1 2 3 4 5 6 7 8 |  8.8
Axes           | 1 3 4 6 |  6.7
Armour         | 2 3 |  3.0
Dodging        | |  1.5
Stealth        | |  3.0
Spellcasting   | |  2.0
Poison Magic   | |  5.3

Action                   |  1- 3 |  4- 6 |  7- 9 || total
-------------------------+-------+-------+-------++-------
Melee: Unarmed           |     8 |       |       ||     8
       Short sword       |    83 |    96 |       ||   179
       Hand axe          |       |   147 |       ||   147
       War axe           |       |     4 |   333 ||   337
 Cast: Sting             |    20 |       |       ||    20
 Abil: Spit Poison       |    18 |    38 |    20 ||    76
  Use: Scroll            |     3 |    13 |     7 ||    23
       Potion            |       |     1 |     5 ||     6
  Eat: Chunk             |     3 |    10 |    13 ||    26
Armor: Robe              |     4 |       |       ||     4
       Chain mail        |    65 |   188 |   230 ||   483
       Skin              |       |       |    22 ||    22
Dodge: Dodged            |    28 |    46 |    69 ||   143
Block: Other             |    11 |    40 |    49 ||   100
       Reflection        |       |     2 |     3 ||     5
